 Dungeon Crawl Stone Soup version 0.28-b1-70-g80dc712255 (webtiles) character file.

Game seed: 15164318186290379074

72 pkoi the Chopper (level 4, -3/37 HPs)
             Began as a Minotaur Gladiator on Feb 3, 2022.
             Slain by Terence (9 damage)
             ... on level 3 of the Dungeon.
             The game lasted 00:01:19 (1259 turns).

pkoi the Chopper (Minotaur Gladiator)               Turns: 1259, Time: 00:01:20

Health: -3/37      AC:  4    Str: 21    XL:     4   Next: 7%
Magic:  3/3        EV: 12    Int:  5    God:
Gold:   62         SH:  0    Dex: 11    Spells: 3/3 levels left

rFire   + . .      SeeInvis .   a - +0 war axe
rCold   + . .      Faith    .   (no shield)
rNeg    . . .      Spirit   .   b - +0 leather armour
rPois   +          Reflect  .   c - +0 hat
rElec   +          Harm     .   (no cloak)
rCorr   +          Rampage  .   (no gloves)
Will    .....                   f - +0 pair of boots
Stlth   +.........              (no amulet)
HPRegen 0.12/turn               (no ring)
MPRegen 0.08/turn               (no ring)

@: brilliant, resistant
A: horns 2, retaliatory headbutt
a: no special abilities


You were on level 3 of the Dungeon.
You visited 1 branch of the dungeon, and saw 3 of its levels.

You collected 62 gold pieces.

Inventory:

Hand Weapons
 a - a +0 war axe (weapon)
Missiles
 d - 3 throwing nets (quivered)
Armour
 b - a +0 leather armour (worn)
 c - a +0 hat (worn)
 f - a +0 pair of boots (worn)
Scrolls
 e - a scroll of teleportation


   Skills:
 - Level 2.4 Fighting
 + Level 6.0 Axes
 - Level 2.0 Throwing
 - Level 3.2 Dodging


You had 3 spell levels left.
You didn't know any spells.
Your spell library contained the following spells:

 Spells                   Type           Power      Damage    Failure   Level
 Cause Fear               Hex            0%         N/A       99%         4
 Dragon Form              Tmut           0%         N/A       100%        7
 Dragon's Call            Summ           0%         N/A       100%        9


Dungeon Overview and Level Annotations

Branches:
Dungeon (3/15)

Altars:

Shops:
D:2 [

Portals:
Sewer: D:3

Annotations:
D:3 Terence


Innate Abilities, Weirdness & Mutations

You have a pair of horns on your head.
You reflexively headbutt those who attack you in melee.


Message History

You completely miss the orc. You hit the hobgoblin.
The hobgoblin hits you but does no damage.
The orc hits you with a +0 mace of protection!
* * * LOW HITPOINT WARNING * * *
You barely miss the orc. You barely miss the hobgoblin. The hobgoblin hits you.
* * * LOW HITPOINT WARNING * * *
The orc hits you with a +0 mace of protection.
* * * LOW HITPOINT WARNING * * *
You hit the orc but do no damage. You hit the hobgoblin.
You kill the hobgoblin!
The orc barely misses you.
Unknown command.
You slash the orc!
You kill the orc!
You barely miss Terence. Terence barely misses you.
Unknown command.
You see here a +0 mace of protection.
Unknown command.
As you open the door, it creaks loudly!
Terence hits you with a +4 flail of holy wrath!
* * * LOW HITPOINT WARNING * * *
You barely miss the adder. You hit Terence. The adder closely misses you.
Terence completely misses you. The adder barely misses you.
You completely miss the adder. You closely miss Terence.
You closely miss the adder. The adder misses you.
The adder bites you but does no damage. Terence completely misses you.
The adder barely misses you. The adder bites you.
* * * LOW HITPOINT WARNING * * *
Unknown command.
It was a potion of brilliance.
You feel clever all of a sudden. Terence closely misses you.
The adder bites you.
* * * LOW HITPOINT WARNING * * *
The adder barely misses you.
It was a potion of resistance.
You feel protected. The adder bites you but does no damage.
Terence looks scornfully at you.
Terence hits you with a +4 flail of holy wrath!
You die...

# .. .
#.#########...#
#.....@@S.....#
#.##..##S##..##
##.#SS≈#..# #
#)#≈≈≈#....
#.###.#≈∩≈#..##
#.....#≈≈≈#..#
#..##.†#≈≈≈#..#
# ##.#####..#
#........


You could see Terence and 4 adders.

Vanquished Creatures
  A howler monkey (D:3)
  A dart slug (D:1)
  An orc (D:3)
  5 bats
  4 endoplasms
  6 goblins
  3 hobgoblins
  A ball python (D:1)
  3 frilled lizards (D:1)
  A kobold (D:2)
  3 rats (D:2)
29 creatures vanquished.

Notes
Turn   | Place    | Note
-------+----------+-------------------------------------------
     0 | D:1      | pkoi the Minotaur Gladiator began the quest for the Orb.
     0 | D:1      | Reached XP level 1. HP: 18/18 MP: 0/0
   157 | D:1      | Reached skill level 4 in Axes
   209 | D:1      | Reached XP level 2. HP: 25/25 MP: 1/1
   559 | D:2      | Found Detru's Armour Emporium.
   665 | D:2      | Reached skill level 5 in Axes
   876 | D:2      | Found a faded altar of an unknown god.
   979 | D:2      | Reached XP level 3. HP: 30/30 MP: 2/2
  1224 | D:3      | Found a glowing drain.
  1226 | D:3      | Noticed Terence
  1229 | D:3      | Reached XP level 4. HP: 28/37 MP: 3/3
  1233 | D:3      | Reached skill level 6 in Axes
  1259 | D:3      | Slain by Terence

Illustrated notes

Levels and vault maps discovered:
D:1:      amcnicky_arrival_blooded_trapdoor, layout_basic
D:2:      layout_loops_ring, ebering_ecumenical_altar_mist, serial_shops, shop
D:3:      layout_loops_ring, gup_sewer_entry_glass, uniq_terence

Skill      XL: |  1  2  3  4 |
---------------+-------------+-----
Axes           | 4 5 6 |  6.0
Fighting       | |  2.4
Throwing       | |  2.0
Dodging        | |  3.2

Action                   |  1- 3 |  4- 6 || total
-------------------------+-------+-------++-------
Melee: War axe           |    50 |     6 ||    56
       Headbutt          |     6 |       ||     6
  Use: Scroll            |     1 |       ||     1
       Potion            |       |     2 ||     2
Armor: Leather armour    |    18 |     3 ||    21
Dodge: Dodged            |    35 |    13 ||    48
